 Dungeon Crawl Stone Soup version 0.31-a0-986-g5e6e4ef867 (webtiles) character file.

Game seed: 5902785402881562648

126 croobank the Sneak (level 5, -2/31 HPs)
             Began as an Octopode Fire Elementalist on Nov 16, 2023.
             Was an Initiate of Ashenzari.
             Killed by divine providence
             ... invoked by an orc priest
              (9 damage)
             ... on level 4 of the Dungeon.
             The game lasted 00:09:24 (3397 turns).

croobank the Sneak (Octopode Fire Elementalist)     Turns: 3397, Time: 00:09:25

Health: -2/31      AC:  8    Str:  8    XL:     5   Next: 9%
Magic:  4/8        EV: 14    Int: 19    God:    Ashenzari [......]
Gold:   10         SH:  0    Dex: 15    Spells: 3/9 levels left

rFire   . . .        j - +2 dagger (protect)
rCold   . . .        (no shield)
rNeg    + . .        (helmet restricted)
rPois   .            o - amulet "Oluib" {Faith rN+ Dex+3 Slay+3}
rElec   .            (no ring)
rCorr   .            (no ring)
SInv    .            (no ring)
Will    .....        (no ring)
Stlth   ++++         (no ring)
HPRegen 0.25/turn    (no ring)
MPRegen 0.11/turn    (no ring)
                     (no ring)

%: faith
@: under a protective aura, very slightly contaminated
A: almost no armour, amphibious, 8 rings, camouflage 1, gelatinous body 1,
(nimble swimmer 1), tentacles
a: Renounce Religion


You were on level 4 of the Dungeon.
You worshipped Ashenzari.
Ashenzari was noncommittal.
You visited 1 branch of the dungeon, and saw 4 of its levels.

You collected 214 gold pieces.
You spent 204 gold pieces at shops.

Inventory:

Hand Weapons
 b - a +0 war axe
 e - a +0 short sword
 j - a +2 dagger of protection (weapon)
 n - the +4 war axe "Yffeax" {heavy, *Slow rPois rC+}
   (You found it on level 2 of the Dungeon)

   rC+:       It protects you from cold.
   rPois:     It protects you from poison *Slow: It may slow you when you take
   damage.
 q - a +0 orcbow
Missiles
 p - 8 poisoned darts
Jewellery
 g - a ring of resist corrosion
 o - the amulet "Oluib" (around mantle) {Faith rN+ Dex+3 Slay+3}
   (You found it on level 2 of the Dungeon)

   [amulet of faith]

   Faith:     It allows you to gain divine favour quickly.
   Dex+3:     It affects your dexterity (+3).
   Slay+3:    It affects your accuracy & damage with ranged weapons and melee
   (+3).
   rN+:       It protects you from negative energy.
Scrolls
 d - a scroll of blinking
 f - 4 scrolls of noise
 h - a scroll of vulnerability
 l - a scroll of poison
 m - a scroll of amnesia
 r - a scroll of teleportation
Potions
 a - a potion of magic
 c - a potion of might
 i - a potion of resistance
 k - a potion of enlightenment


   Skills:
 + Level 2.8 Dodging
 + Level 3.8 Stealth
 + Level 2.6 Spellcasting
 + Level 2.1 Conjurations
 + Level 1.2 Hexes
 + Level 3.5 Fire Magic


You had 3 spell levels left.
You knew the following spells:

 Your Spells              Type           Power      Damage    Failure   Level
a - Foxfire               Conj/Fire      52%        2x1d6     4%          1
b - Scorch                Fire           30%        2d6       5%          2
c - Inner Flame           Hex/Fire       11%        N/A       19%         3

Your spell library contained the following spells:

 Spells                   Type           Power      Damage    Failure   Level
 Kiss of Death            Conj/Necr      24%        2d7       11%         1
 Volatile Blastmotes      Fire/Tloc      18%        2d11      22%         3
 Dazzling Flash           Conj/Hex       16%        N/A       24%         3
 Confusing Touch          Hex            7%         N/A       28%         3
 Flame Wave               Conj/Fire      13%        2d6       45%         4
 Dispel Undead            Necr           2%         3d7       85%         4
 Starburst                Conj/Fire      6%         6d4       100%        6
 Maxwell's Capacitive Co  Air            1%         ∞         100%        8


Dungeon Overview and Level Annotations

Branches:
Dungeon (4/15)
 Temple: D:4-7

Altars:
Ashenzari
Makhleb
Qazlal
Wu Jian
The Shining One

Shops:
D:3 [[?=*


Innate Abilities, Weirdness & Mutations

You cannot wear most types of armour.
You are amphibious.
You can wear up to eight rings at the same time.
Your skin changes colour to match your surroundings (Stealth+).
Your rubbery body absorbs attacks. (AC +1, EV +1)
((You are camouflaged when in or above water. (Stealth+)))
You have tentacles for arms and can constrict up to eight enemies at once.


Message History

The helpless orc priest fails to defend itself.
You puncture the orc priest!
Your weapon exudes an aura of protection.
You grab the orc priest.
The orc priest is almost dead.
You constrict the orc priest, but do no damage.
The orc priest shouts!
The orc shouts! x3
The orc throws a boomerang.
The boomerang hits you.
The orc priest calls down the wrath of Beogh upon you.
Pain shoots through your body!
The endoplasm quivers.
You hit the orc priest but do no damage.
Your tentacle-slap misses the orc priest.
The orc priest is almost dead.
You constrict the orc priest, but do no damage.
The orc priest looks braver for a moment.
You hit the orc priest but do no damage.
You squeeze the orc priest, but do no damage.
The orc priest is almost dead.
You constrict the orc priest, but do no damage.
The orc hits you with a +0 hand axe. The orc priest barely misses you.
Casting: Scorch (safe; 5% risk of failure)
Confirm with . or Enter, or press ? or * to list all spells.
You miscast Scorch.
You are very lightly contaminated with residual magic.
Nothing appears to happen.
You constrict the orc priest. The orc misses you.
The orc priest calls down the wrath of Beogh upon you.
You barely resist.
You release your grip on the orc priest.
Casting: Scorch (safe; 5% risk of failure)
Confirm with . or Enter, or press ? or * to list all spells.
Flames lash the endoplasm.
You kill the endoplasm!
The orc priest calls down the wrath of Beogh upon you.
Beogh smites you!
* * * LOW HITPOINT WARNING * * *
The orc closely misses you.
The orc priest invokes the aid of Beogh against you.
Beogh smites you!
You die...

..####.#.....#
#.#..>..####
..........##>#
#.##...##
.###########.#
#.###### #.#
#.# #.# #.#
########.###.#
.............#
##.###..###.#
###@.###.#
#oo......#
#.oo#####..#
...>.o. .#
.##.... #
#.... #....
#.#.. #.#.#


You could see 2 orc priests and 3 orcs.

Vanquished Creatures
  A sleepcap (D:4)
  An orc wizard (D:3)
  2 adders (D:3)
  A worm (D:2)
  A dart slug (D:3)
  4 orcs (D:3)
  7 endoplasms
  2 giant cockroaches (D:3)
  6 goblins
  2 hobgoblins (D:1)
  5 ball pythons
  5 bats
  7 frilled lizards
  5 kobolds
  3 rats
52 creatures vanquished.

Vanquished Creatures (collateral kills)
  3 foxfires (D:1)
3 creatures vanquished.

Vanquished Creatures (others)
  80 foxfires
80 creatures vanquished.

Grand Total: 135 creatures vanquished

Notes
Turn   | Place    | Note
-------+----------+-------------------------------------------
     0 | D:1      | croobank the Octopode Fire Elementalist began the quest for
                  | the Orb.
     0 | D:1      | Reached XP level 1. HP: 11/11 MP: 3/3
   584 | D:1      | Reached XP level 2. HP: 17/17 MP: 0/5
   639 | D:1      | Learned a level 2 spell: Scorch
   998 | D:2      | Found a burning altar of Makhleb.
  1598 | D:2      | Reached XP level 3. HP: 21/21 MP: 4/6
  1744 | D:2      | Identified the +4 war axe "Yffeax" {heavy, *Slow rPois rC+}
  1848 | D:2      | Identified the amulet "Oluib" {Faith rN+ Dex+3 Slay+3}
  1873 | D:2      | Learned a level 3 spell: Inner Flame
  1911 | D:3      | Found Qeet's Jewellery Shoppe.
  2065 | D:3      | Found Veryan Denu's Magic Scroll Emporium.
  2068 | D:3      | Bought a scroll of identify for 26 gold pieces
  2068 | D:3      | Bought a scroll of identify for 26 gold pieces
  2068 | D:3      | Bought a scroll of identify for 26 gold pieces
  2068 | D:3      | Bought a scroll of noise for 13 gold pieces
  2068 | D:3      | Bought a scroll of teleportation for 39 gold pieces
  2068 | D:3      | Bought a scroll of identify for 26 gold pieces
  2068 | D:3      | Bought a scroll of identify for 26 gold pieces
  2284 | D:3      | Reached XP level 4. HP: 11/27 MP: 7/7
  2667 | D:3      | Found Tanun's Armour Emporium.
  2837 | D:3      | Found Gosmeumole's Armour Emporium.
  2929 | D:3      | Found an ornate altar of the Wu Jian Council.
  2933 | D:3      | Found a burning altar of Makhleb.
  2933 | D:3      | Found a glowing golden altar of the Shining One.
  2934 | D:3      | Found a broken altar of Ashenzari.
  2937 | D:3      | Found a stormy altar of Qazlal.
  2943 | D:3      | Became a worshipper of Ashenzari the Shackled
  3003 | D:3      | Found Koviopse's Assorted Antiques.
  3011 | D:3      | Bought a scroll labelled ANIMNU APSUNOCW for 22 gold pieces
  3024 | D:3      | Reached skill level 1 in Hexes
  3208 | D:4      | Reached XP level 5. HP: 27/31 MP: 1/8
  3397 | D:4      | Killed from afar by an orc priest

Illustrated notes

Levels and vault maps discovered:
D:1:      mrwooster_arrival_statue, layout_loops_cross, dreamdust_wishing_well,
          serial_bayou_lagoon_a, hex_tiny, dk_noncrumbling_2
D:2:      layout_basic, basic_altar
D:3:      layout_loops_ring, minitemple, serial_shops,
          nicolae_shop_behind_doors, nicolae_shop_crystal, shop, shop, shop,
          chequers_mini_garden
D:4:      layout_loops_ring, nicolae_houndstooth_variations

Skill      XL: |  1  2  3  4 |
---------------+-------------+-----
Stealth        | 3 |  3.8
Conjurations   | 2 |  2.1
Hexes          | 1 |  1.2
Dodging        | |  2.8
Spellcasting   | |  2.6
Fire Magic     | |  3.5

Action                     |  1- 3 |  4- 6 || total
---------------------------+-------+-------++-------
  Melee: Unarmed           |     5 |       ||     5
         Constrict         |     6 |     4 ||    10
         Tentacles         |     4 |     6 ||    10
         Short sword       |     2 |       ||     2
         Dagger            |    30 |    12 ||    42
   Cast: Foxfire           |    32 |    13 ||    45
         Scorch            |     3 |     7 ||    10
    Use: Scroll            |     8 |     4 ||    12
         Potion            |     4 |     1 ||     5
   Stab: Sleeping          |     8 |     3 ||    11
 Armour: Skin              |    27 |     5 ||    32
  Dodge: Dodged            |    16 |    11 ||    27

Table legend: (Time is in decaauts)
 A = Elapsed time spent in this place.
 B = Non-inter-level travel time spent in this place.
 C = Inter-level travel time spent in this place.
 D = Time resting spent in this place.
 E = Time spent auto-exploring this place.
 F = Levels seen in this place.
 G = Mean time per level.
                   A        B        C        D        E       F      G
               +--------+--------+--------+--------+--------+-----+--------+
         Total |   3382 |   3260 |    122 |    944 |   1899 |   4 |  845.5 |
       Dungeon |   3382 |   3260 |    122 |    944 |   1899 |   4 |  845.5 |
               +--------+--------+--------+--------+--------+-----+--------+

Top non-repeatable levels by time:
     D:3: 1151 daAuts
     D:1: 997 daAuts
     D:2: 911 daAuts
     D:4: 321 daAuts
